 Dungeon Crawl Stone Soup version 0.31-a0-1178-gc5c9b8f871 (webtiles) character file.

Game seed: 16929323293877734802

318 qw the Shooter (level 6, -2/57 HPs)
             Began as a Gargoyle Hunter on Dec 11, 2023.
             Slain by a black bear (5 damage)
             ... on level 4 of the Dungeon.
             The game lasted 00:01:24 (3063 turns).

qw the Shooter (Gargoyle Hunter)                    Turns: 3063, Time: 00:01:24

Health: -2/57      AC: 23    Str: 13 (14) XL:     6   Next: 45%
Magic:  6/6        EV:  2    Int: 10      God:
Gold:   270        SH:  0    Dex: 12 (15) Spells: 5/5 levels left

rFire   . . .        a - +0 shortbow
rCold   . . .        (shield currently unavailable)
rNeg    + . .        h - melded +0 ring mail
rPois   inf          (helmet currently unavailable)
rElec   .            (cloak currently unavailable)
rCorr   +            (gloves currently unavailable)
SInv    .            (boots currently unavailable)
Will    .....        (no amulet)
Stlth   ++           d - ring of resist corrosion
HPRegen 0.29/turn    (no ring)
MPRegen 0.10/turn

%: no passive effects
@: tree-form
A: stationary, stasis, torment immunity, boosted hp, sickness immunity, AC +4,
negative energy resistance 1, (electricity resistance), torment resistance 1,
petrification resistance
a: no special abilities


You were on level 4 of the Dungeon.
You were a tree.
You visited 1 branch of the dungeon, and saw 4 of its levels.

You collected 270 gold pieces.


Innate Abilities, Weirdness & Mutations

You are a tree.
Your roots penetrate the ground, keeping you stationary.
You cannot be teleported.
You are immune to unholy pain and torment.
Your maximum health is greatly increased.
Your equipment is partially melded.
You are immune to sickness and miasma.
((Your stone body is resilient. (AC +4)))
You are immune to poison.
You resist negative energy. (rN+)
((You are resistant to electric shocks. (rElec)))
You are resistant to unholy torment.
You are immune to petrification.


   Skills:
 - Level 4.1 Fighting
 + Level 6.6 Ranged Weapons
 - Level 1.3 Armour
 - Level 1.5 Dodging
 - Level 1.1 Stealth


You had 5 spell levels left.
You didn't know any spells.
Your spell library was empty.

Inventory:

Hand Weapons
 a - a +0 shortbow (weapon)
Armour
 h - a +0 ring mail (melded)
Jewellery
 d - a ring of resist corrosion (left branch)
Wands
 c - a wand of charming (12)
Potions
 f - a potion of mutation
 g - a potion of curing

Dungeon Overview and Level Annotations

Branches:
Dungeon (4/15)
 Temple: D:4-7

Altars:
Ashenzari
Cheibriados
Zin
The Shining One

Annotations:
D:4 2 transporters, 1 runed translucent door, Crazy Yiuf; qw's ghost, novice GrHu


Message History

The iguana is moderately wounded.
The hound bites you but does no damage. The hound bites you.
3057 ||| READING scroll of teleportation.
As you read the scroll of teleportation, it crumbles to dust.
You feel strangely unstable. The hound misses you.
The black bear closely misses you.
The black bear claws you but does no damage.
The black bear barely misses you.
3058 ||| DRINKING metallic orange potion.
It was a potion of lignification.
You turn into a tree.
Your +0 ring mail melds into your body.
Your roots penetrate the ground.
You feel strangely stable. The hound bites you but does no damage.
The black bear bites you but does no damage.
The black bear claws you but does no damage. x2
The hound bites you.
You shoot an arrow. The arrow hits the black bear.
The black bear is lightly wounded.
The hound bites you but does no damage. The black bear bites you.
The black bear claws you but does no damage.
The black bear claws you.
You shoot an arrow. The arrow hits the black bear!
The black bear is moderately wounded.
The hound bites you but does no damage.
The black bear bites you but does no damage.
The black bear claws you but does no damage. x2
The hound bites you but does no damage.
You shoot an arrow. The arrow hits the black bear!
The black bear is severely wounded.
The hound bites you but does no damage.
The black bear bites you but does no damage.
The black bear claws you. x2
You shoot an arrow. The arrow hits the black bear.
The black bear is severely wounded.
The hound bites you but does no damage.
The black bear goes berserk!
The hound bites you but does no damage.
You shoot an arrow.
The arrow closely misses the black bear.
The black bear bites you. The black bear claws you.
You die...

** *,* *,},,,},* ,****,*
**,,,,,** ,,,,,,***#**,},*#####
,****,*,,..,,,,*#...#
*****,*,,...,,,*#...# *******
*,,,,,*,,....,,*#...# *,,,,,***
*,,,***,,.....,*#...#####,,,,,**,
*,*,,,*,,.....S##.......#,,,,,**,
*,***,+,,.....lh7.......+,,,,,+,,
*,* ***,,.....J##h..(...#,,,,,**,
*>* *,,.....,*#..%#####***###*,
*,* *,,....,,*#...# *...,,, #.#
*,,...,,,*#...#######.#***, #.#
***##*****#...........#*,,, #.#
#...........#,,~, #.###
#...........#,*~, #...######
####........#,,~~


You could see a black bear (berserk), an iguana, a hound, an endoplasm and a
ball python.

Vanquished Creatures
  A black bear (D:4)
  A howler monkey (D:4)
  Natasha (twice) (D:2)
  3 gnolls (D:3)
  4 adders
  5 dart slugs
  3 orcs (D:3)
  5 endoplasms
  5 giant cockroaches
  4 goblins
  6 hobgoblins
  A quokka (D:3)
  10 ball pythons
  3 bats
  4 frilled lizards
  6 kobolds
  9 rats
72 creatures vanquished.

Notes
Turn   | Place    | Note
-------+----------+-------------------------------------------
     0 | D:1      | qw the Gargoyle Hunter began the quest for the Orb.
     0 | D:1      | Reached XP level 1. HP: 12/12 MP: 1/1
     0 | D:1      | 0 ||| qw: Version: 0.3-a-106-g2cfff9e
     0 | D:1      | 0 ||| qw: Game counter: 2060
     0 | D:1      | 0 ||| qw: Melee chars always use a shield: true
     0 | D:1      | 0 ||| qw: God list: Okawaru
     0 | D:1      | 0 ||| qw: Allow faded altars: false
     0 | D:1      | 0 ||| qw: Do Orc after clearing Dungeon:15 true
     0 | D:1      | 0 ||| qw: Do second Lair branch before Depths: true
     0 | D:1      | 0 ||| qw: Lair rune preference: random
     0 | D:1      | 0 ||| qw: Goals: Normal, Save, Zot:1-4, Win
     0 | D:1      | 0 ||| PLANNING D:1-11
   137 | D:1      | Reached XP level 2. HP: 17/17 MP: 2/2
   415 | D:1      | Reached XP level 3. HP: 21/21 MP: 3/3
   470 | D:1      | Reached skill level 5 in Ranged Weapons
   773 | D:1      | 773 ||| UPGRADING to +0 ring mail.
   783 | D:1      | 783 ||| DROPPING +0 leather armour.
   784 | D:1      | 784 ||| READING scroll labelled PERIJ WEETZ.
   885 | D:1      | 885 ||| READING scroll labelled OMYOMI DEOM.
   886 | D:1      | 886 ||| READING scroll labelled FIYBBEVV PUCW.
   887 | D:1      | 887 ||| DROPPING scroll of butterflies.
   917 | D:2      | Found a broken altar of Ashenzari.
  1086 | D:2      | Reached skill level 1 in Armour
  1096 | D:2      | 1096 ||| FLEEEEING.
  1097 | D:2      | 1097 ||| FLEEEEING.
  1098 | D:2      | 1098 ||| FLEEEEING.
  1210 | D:2      | Reached skill level 3 in Fighting
  1210 | D:2      | Reached XP level 4. HP: 28/28 MP: 4/4
  1680 | D:2      | Noticed Natasha
  1688 | D:2      | Killed Natasha
  1783 | D:2      | 1783 ||| READING scroll labelled RARACL RETZABA.
  1788 | D:2      | 1788 ||| READING 3 scrolls labelled ROPPEP ACU.
  1788 | D:2      | 1788 ||| IDENTIFYING glowing orange potion
  1789 | D:2      | 1789 ||| READING 2 scrolls of identify.
  1789 | D:2      | 1789 ||| IDENTIFYING glowing sapphire potion
  1790 | D:2      | 1790 ||| READING scroll of identify.
  1790 | D:2      | 1790 ||| IDENTIFYING silvery potion
  1791 | D:2      | 1791 ||| READING 2 scrolls labelled XENE YSKAKK.
  1792 | D:2      | 1792 ||| DROPPING potion of attraction.
  1793 | D:2      | 1793 ||| DROPPING potion of ambrosia.
  1794 | D:2      | 1794 ||| DROPPING scroll of immolation.
  1818 | D:2      | Noticed Natasha
  1827 | D:2      | Killed Natasha
  1828 | D:2      | Reached XP level 5. HP: 24/32 MP: 5/5
  2069 | D:3      | Found a glowing golden altar of the Shining One.
  2280 | D:3      | Found a snail-covered altar of Cheibriados.
  2280 | D:3      | Found a glowing silver altar of Zin.
  2283 | D:3      | 2283 ||| UPGRADING to ring of resist corrosion.
  2312 | D:3      | Reached skill level 6 in Ranged Weapons
  2321 | D:3      | 2321 ||| FLEEEEING.
  2322 | D:3      | 2322 ||| FLEEEEING.
  2323 | D:3      | 2323 ||| FLEEEEING.
  2324 | D:3      | 2324 ||| FLEEEEING.
  2325 | D:3      | 2325 ||| FLEEEEING.
  2326 | D:3      | 2326 ||| FLEEEEING.
  2327 | D:3      | 2327 ||| FLEEEEING.
  2328 | D:3      | 2328 ||| FLEEEEING.
  2329 | D:3      | 2329 ||| FLEEEEING.
  2330 | D:3      | 2330 ||| FLEEEEING.
  2331 | D:3      | 2331 ||| FLEEEEING.
  2332 | D:3      | 2332 ||| FLEEEEING.
  2333 | D:3      | 2333 ||| FLEEEEING.
  2334 | D:3      | 2334 ||| FLEEEEING.
  2335 | D:3      | 2335 ||| FLEEEEING.
  2336 | D:3      | 2336 ||| FLEEEEING.
  2337 | D:3      | 2337 ||| FLEEEEING.
  2338 | D:3      | 2338 ||| FLEEEEING.
  2339 | D:3      | 2339 ||| FLEEEEING.
  2340 | D:3      | 2340 ||| FLEEEEING.
  2341 | D:3      | 2341 ||| FLEEEEING.
  2342 | D:3      | 2342 ||| FLEEEEING.
  2343 | D:3      | 2343 ||| FLEEEEING.
  2344 | D:3      | 2344 ||| FLEEEEING.
  2348 | D:3      | 2348 ||| FLEEEEING.
  2349 | D:3      | 2349 ||| FLEEEEING.
  2350 | D:3      | 2350 ||| FLEEEEING.
  2351 | D:3      | 2351 ||| FLEEEEING.
  2352 | D:3      | 2352 ||| FLEEEEING.
  2353 | D:3      | 2353 ||| FLEEEEING.
  2354 | D:3      | 2354 ||| FLEEEEING.
  2355 | D:3      | 2355 ||| FLEEEEING.
  2359 | D:3      | 2359 ||| FLEEEEING.
  2362 | D:3      | 2362 ||| STAIRDANCE
  2741 | D:3      | 2741 ||| DRINKING 3 viscous yellow potions.
  2742 | D:3      | 2742 ||| DRINKING 2 murky dark potions.
  2743 | D:3      | 2743 ||| DROPPING 2 potions of degeneration.
  2791 | D:4      | Noticed qw's ghost (novice GrHu)
  2792 | D:4      | Found a transporter.
  2851 | D:4      | Found a transporter.
  2917 | D:4      | 2917 ||| READING scroll labelled LEBBIJANAI.
  2917 | D:4      | Noticed Crazy Yiuf
  2917 | D:4      | Found a runed translucent door.
  2925 | D:4      | 2925 ||| STAIRDANCE
  3039 | D:4      | Reached XP level 6. HP: 38/38 MP: 6/6
  3043 | D:4      | Noticed a black bear
  3044 | D:4      | 3044 ||| RETREEAATING.
  3051 | D:4      | Noticed a black bear
  3055 | D:4      | Killed a black bear
  3056 | D:4      | HP: 8/38 [hound (4)]
  3057 | D:4      | 3057 ||| READING scroll of teleportation.
  3058 | D:4      | 3058 ||| DRINKING metallic orange potion.
  3061 | D:4      | HP: 6/57 [black bear (3)]
  3063 | D:4      | Slain by a black bear

Levels and vault maps discovered:
D:1:      matt_arrival_spirals, layout_basic
D:2:      layout_basic, basic_altar, serial_co_window_serial, co_window_cross_1,
          co_window_paths_a, co_window_paths_b, co_window_paths_a,
          co_window_corner_a, co_window_paths_c, co_window_broadway_c,
          co_window_unsneaky_path_d, co_window_broadway_b, co_window_broadway_b,
          co_window_2corner, glass_columns_b, glass_columns_a, glass_columns_a,
          uniq_natasha
D:3:      layout_loops_ring, nicolae_overflow_hidden_temple,
          jmf_multi_god_temple
D:4:      layout_basic, gammafunk_ghost_arena, serial_bayou_pond_b,
          grunt_ministairs_2, minmay_small_thing, uniq_crazy_yiuf_cottage

Skill      XL: |  1  2  3  4  5 |
---------------+----------------+-----
Ranged Weapons | 5 6 |  6.6
Armour         | 1 |  1.3
Fighting       | 3 4 |  4.1
Dodging        | |  1.5
Stealth        | |  1.1

Action                     |  1- 3 |  4- 6 || total
---------------------------+-------+-------++-------
   Fire: Shortbow          |   129 |   160 ||   289
    Use: Scroll            |     3 |     7 ||    10
         Potion            |       |     3 ||     3
 Armour: Leather armour    |    27 |       ||    27
         Ring mail         |     8 |    87 ||    95
         Skin              |       |    22 ||    22
  Dodge: Dodged            |    31 |    77 ||   108

Table legend:
 A = Non-vault XP
 B = Vault XP
 C = Vault XP percentage of total XP
 D = Non-vault monster count
 E = Vault monster count
 F = Vault count percentage of total count
                 A         B        C        D         E       F
            +---------+---------+-------+---------+---------+-------
      Total |     415 |      40 |   8.8 |      68 |       4 |   5.6
            +---------+---------+-------+---------+---------+-------
        D:1 |      45 |       0 |   0.0 |      26 |       0 |   0.0
        D:2 |      92 |      35 |  27.6 |      20 |       1 |   4.8
        D:3 |      92 |       4 |   4.2 |      18 |       2 |  10.0
        D:4 |     186 |       1 |   0.5 |       4 |       1 |  20.0
            +---------+---------+-------+---------+---------+-------
